 Dungeon Sprint DCSS version 0.18-b1-18-g7758cf2 (webtiles) character file.

130 Kidiri the Sneak (level 4, 0/34 HPs)
             Began as a Spriggan Enchanter on May 2, 2016.
             Slain by a shadow (7 damage)
             ... in the Dungeon (Sprint III: "The Ten Rune Challenge").
             The game lasted 00:02:04 (272 turns).

Kidiri the Sneak (Spriggan Enchanter)                Turns: 272, Time: 00:02:04

Health: 0/34       AC:  3    Str:  9    XL:     4   Next: 89%
Magic:  2/12       EV: 22    Int: 16    God:
Gold:   17         SH:  0    Dex: 17    Spells: 4 memorised, 4 levels left

rFire  . . .     SeeInvis +     a - +1 dagger
rCold  . . .     Gourm    .     b - +1 robe
rNeg   . . .     Faith    .     (shield restricted)
rPois  .         Spirit   .     (helmet restricted)
rElec  .         Dismiss  .     (no cloak)
rCorr  .         Reflect  .     (gloves unavailable)
SustAt .         Harm     .     (boots unavailable)
MR     .....     NoTele   +     (no amulet)
Stlth  ..........               (no ring)
                                (no ring)

@: berserking, very quick, not resistant to hostile enchantments, extremely
unstealthy
A: unfitting armour, see invisible, herbivore 3, speed 3, slow metabolism 2
a: no special abilities


You were in the Dungeon.
You were not hungry.

You visited 1 branch You collected 17 gold pieces.

Inventory:

Hand Weapons
 a - a +1 dagger (weapon)
Armour
 b - a +1 robe (worn)
Scrolls
 j - a scroll of blinking
 m - a scroll of torment {unknown}
 o - 2 scrolls of remove curse {unknown}
 s - a scroll of immolation {unknown}
Potions
 e - a potion of curing
 f - a potion of heal wounds
 g - a potion of haste
 h - 2 potions of magic
 k - a potion of might
 q - a potion of cure mutation
 r - 2 potions of flight {unknown}
Books
 c - a book of Maledictions

   Spells                             Type                      Level
   a - Corona                         Hexes                        1
   b - Ensorcelled Hibernation        Hexes/Ice                    2
   c - Confuse                        Hexes                        3
   d - Tukima's Dance                 Hexes                        3
   e - Dazzling Spray                 Conjuration/Hexes            3
Comestibles
 d - 2 bread rations
 p - a royal jelly


   Skills:
 + Level 2.0 Fighting
 * Level 4.4 Short Blades
 + Level 1.9 Armour
 * Level 6.3 Dodging
 * Level 7.5 Stealth
 * Level 5.4 Spellcasting
 + Level 1.0 Conjurations
 + Level 4.9 Hexes
 + Level 1.1 Ice Magic


You had 4 spell levels left.
You knew the following spells:

 Your Spells              Type           Power        Failure   Level  Hunger
a - Corona                Hex            ###....      1%          1    None
b - Ensorcelled Hibernat  Hex/Ice        ##....       10%         2    #......
c - Confuse               Hex            ###.....     8%          3    ###....
e - Dazzling Spray        Conj/Hex       ##......     14%         3    ###....


Dungeon Overview and Level Annotations

Branches:
Dungeon (1/1)

Altars:


Innate Abilities, Weirdness & Mutations

You are tiny and cannot use many weapons and most armour.
You have supernaturally acute eyesight.
You are a herbivore.
You cover ground extremely quickly.
You need consume almost no food.


Message History

The shadow is lightly damaged.
The shadow hits you!
You closely miss the shadow.
The shadow is lightly damaged.
You closely miss the shadow.
The shadow is lightly damaged.
The shadow slips into darkness.
The shadow flickers and vanishes for a moment.
You hit the shadow.
The shadow is lightly damaged.
You hit the shadow.
The shadow is lightly damaged.
The shadow hits you!
* * * LOW HITPOINT WARNING * * *
You puncture the shadow!
The shadow is heavily damaged.
You hit the shadow.
The shadow is severely damaged.
The shadow hits you!
You die...

<..#...#### ##.#
...#......#####..#
..##.......#..#..#
##.##.##.%.#..#..###+#+###+##
##.##.###..##+#..#..........#
#.####.##..###...'.W........#
.###%.##..####...#...######'#
#.....##..###.%.W#.⌠.# #...#
###..##...##....@#...# #...#
##%.##....#......#+### #...#
#..###..##.#..%..# #..%+ #..#
#..#####....# +..J# ▓▓▓▓ ▓▓▓▓
▓▓▓▓▓▓ ▓▓▓▓▓


You could see a shadow.

Vanquished Creatures
  A water elemental (D)
  A scorpion (D)
  A human (D)
  4 rats (D)
7 creatures vanquished.

Vanquished Creatures (others)
  2 draconian scorchers (D)
  A yaktaur (D)
3 creatures vanquished.

Grand Total: 10 creatures vanquished

Notes
Turn   | Place    | Note
--------------------------------------------------------------
     0 | D        | Kidiri the Spriggan Enchanter began the quest for the Orb.
     0 | D        | Reached XP level 1. HP: 9/9 MP: 5/5
    65 | D        | Killed a yaktaur
    75 | D        | Noticed a scorpion
    78 | D        | Killed a scorpion
    78 | D        | Reached skill level 1 in Fighting
    78 | D        | Reached skill level 1 in Armour
    78 | D        | Reached skill level 5 in Dodging
    78 | D        | Reached skill level 6 in Stealth
    78 | D        | Reached XP level 2. HP: 14/14 MP: 6/8
    78 | D        | Reached XP level 3. HP: 18/18 MP: 6/9
   105 | D        | Learned a level 2 spell: Ensorcelled Hibernation
   109 | D        | Learned a level 3 spell: Confuse
   113 | D        | Learned a level 3 spell: Dazzling Spray
   167 | D        | Gained mutation: Your spells are a little easier to cast, but a little less powerful. [potion of mutation]
   167 | D        | Gained mutation: You are frail (-10% HP). [potion of mutation]
   167 | D        | Gained mutation: You have a somewhat thin skeletal structure (Dex +2, Stealth). [potion of mutation]
   168 | D        | Lost mutation: You are frail (-10% HP). [potion of cure mutation]
   168 | D        | Lost mutation: Your spells are a little easier to cast, but a little less powerful. [potion of cure mutation]
   168 | D        | Lost mutation: You have a somewhat thin skeletal structure (Dex +2, Stealth). [potion of cure mutation]
   169 | D        | Gained mutation: You are resistant to electric shocks. [potion of mutation]
   169 | D        | Gained mutation: You expend magic power (3 MP) to strengthen your wands. [potion of mutation]
   219 | D        | Killed a white draconian scorcher
   221 | D        | Killed a white draconian scorcher
   227 | D        | Noticed a water elemental
   230 | D        | Killed a water elemental
   230 | D        | Reached skill level 7 in Stealth
   230 | D        | Reached skill level 5 in Spellcasting
   230 | D        | Reached skill level 1 in Conjurations
   230 | D        | Reached skill level 1 in Ice Magic
   230 | D        | Reached XP level 4. HP: 23/23 MP: 12/12
   240 | D        | Noticed a shadow
   260 | D        | Lost mutation: You expend magic power (3 MP) to strengthen your wands. [potion of cure mutation]
   260 | D        | Lost mutation: You are resistant to electric shocks. [potion of cure mutation]
   272 | D        | Slain by a shadow

Skill      XL: |  1  2  3 |
---------------+----------+-----
Spellcasting   | 4 5 |  5.4
Fighting       | 1 2 |  2.0
Short Blades   | 3 4 |  4.4
Armour         | 1 |  1.9
Dodging        | 5 6 |  6.3
Stealth        | 6 7 |  7.5
Hexes          | 4 |  4.9
Conjurations   | 1 |  1.0
Ice Magic      | 1 |  1.1

Action                   |  1- 3 |  4- 6 || total
-------------------------+-------+-------++-------
Melee: Dagger            |    11 |    12 ||    23
 Cast: Dazzling Spray    |     2 |     4 ||     6
       Ensorcelled Hiber |     1 |       ||     1
  Use: Potion            |     3 |     2 ||     5
       Scroll            |     2 |       ||     2
 Stab: Sleeping          |     5 |       ||     5
Armor: Robe              |     3 |       ||     3
Dodge: Dodged            |     5 |       ||     5
